 Dungeon Crawl Stone Soup version 0.27-a0-909-g0721f30 (webtiles) character file.

Game seed: 868193678850000798

51 Nithhogg the Skirmisher (level 3, 0/29 HPs)
             Began as a Demonspawn Fighter on Apr 8, 2021.
             Slain by an orc
             ... wielding a +1 hand axe of electrocution
              (16 damage)
             ... on level 3 of the Dungeon.
             The game lasted 00:01:59 (1805 turns).

Nithhogg the Skirmisher (Demonspawn Fighter)        Turns: 1805, Time: 00:01:59

Health: 0/29       AC: 11    Str: 17    XL:     3   Next: 58%
Magic:  3/3        EV:  4    Int:  9    God:
Gold:   91         SH:  9    Dex: 12    Spells: 2/2 levels left

rFire    . . .     SeeInvis .   a - +0 long sword
rCold    . . .     Faith    .   c - +0 kite shield
rNeg     . . .     Spirit   .   e - +0 plate armour
rPois    .         Reflect  .   (no helmet)
rElec    .         Harm     .   (no cloak)
rCorr    .         Rampage  .   (no gloves)
Will     +....                  (no boots)
Stlth    ..........             (no amulet)
HPRegen  0.09/turn              k - ring of willpower
MPRegen  0.08/turn              (no ring)

@: no status effects
A: repulsion field 1
a: no special abilities


You were on level 3 of the Dungeon.
You visited 1 branch of the dungeon, and saw 3 of its levels.

You collected 91 gold pieces.

Inventory:

Hand Weapons
 a - a +0 long sword (weapon)
Armour
 b - a +0 scale mail
 c - a +0 kite shield (worn)
 e - a +0 plate armour (worn)
Jewellery
 k - a ring of willpower (left hand)
Scrolls
 g - 3 scrolls of teleportation {unknown}
 h - a scroll of amnesia {unknown}
 i - a scroll of torment {unknown}
Potions
 d - 2 potions of might
 f - a potion of haste {unknown}
 j - a potion of invisibility {unknown}


   Skills:
 + Level 3.4 Fighting
 + Level 2.3 Long Blades
 + Level 3.1 Armour
 + Level 3.1 Shields


You had 2 spell levels left.
You didn't know any spells.
Your spell library contained the following spells:

 Spells                   Type           Power      Damage    Failure   Level
 Animate Skeleton         Necr           0%         N/A       100%        1
 Apportation              Tloc           0%         N/A       100%        1
 Corona                   Hex            0%         N/A       100%        1
 Summon Small Mammal      Summ           0%         N/A       100%        1


Dungeon Overview and Level Annotations

Branches:
Dungeon (3/15)

Altars:


Innate Abilities, Weirdness & Mutations

You are surrounded by a mild repulsion field. (EV +2)


Message History

You hit the adder.
You kill the adder!
You feel sick.
You are no longer poisoned.
No target in view!
No target in view!
No target in view!
No target in view!
No target in view!
No target in view!
No target in view!
No target in view!
No target in view!
No target in view!
No target in view!
You now have 91 gold pieces (gained 10).
An orc comes into view.
It is wielding a +1 hand axe of electrocution.
The orc shouts!
You block the orc's attack.
You closely miss the orc. The orc hits you but does no damage.
The orc hits you with a +1 hand axe of electrocution.
You hit the orc.
The orc is moderately wounded.
The orc hits you with a +1 hand axe of electrocution.
You hit the orc.
The orc is heavily wounded.
You block the orc's attack. The orc hits you but does no damage.
Your plate armour prevents you from hitting the orc.
The orc is heavily wounded.
The orc hits you with a +1 hand axe of electrocution.
You block the orc's attack.
You closely miss the orc.
The orc is heavily wounded.
You block the orc's attack.
You closely miss the orc.
The orc is heavily wounded.
The orc hits you with a +1 hand axe of electrocution.
You are electrocuted!
Ouch! That really hurt!
You die...

......####......
.........##......
.........##.....#
........##....##
#......##...##≈
####.[....##..##≈≈
#.........##..#≈≈.
#.##.......'..#≈..
#@##.......#..#≈..
#o##.......#..'...
#.##.......##.'...
#.##.......####≈..
#.##.......# #≈..
#.##.......# #≈≈.
#.########## ##≈≈
#.# ##≈ ##


You could see an orc.

Vanquished Creatures
  2 adders (D:3)
  2 dart slugs (D:2)
  2 bats (D:3)
  4 endoplasms
  3 giant cockroaches (D:1)
  A goblin (D:1)
  2 hobgoblins
  A quokka (D:1)
  2 ball pythons (D:2)
  3 frilled lizards
  4 kobolds
  3 rats
29 creatures vanquished.

Notes
Turn   | Place    | Note
-------+----------+-------------------------------------------
     0 | D:1      | Nithhogg the Demonspawn Fighter began the quest for the
                  | Orb.
     0 | D:1      | Reached XP level 1. HP: 18/18 MP: 1/1
   239 | D:1      | Gained mutation: You are surrounded by a mild repulsion
                  | field. (EV +2) [demonic ancestry]
   239 | D:1      | Reached XP level 2. HP: 24/24 MP: 2/2
  1200 | D:2      | Reached XP level 3. HP: 29/29 MP: 3/3
  1500 | D:3      | Found a faded altar of an unknown god.
  1805 | D:3      | Slain by an orc

Illustrated notes

Levels and vault maps discovered:
D:1:      tarquinn_simple_flora_water_e, layout_basic, minmay_misc_feat_pillars
D:2:      layout_loops_ring
D:3:      layout_basic, ebering_ecumenical_altar_sacrificial,
          kennysheep_big_empty_room

Skill      XL: |  1  2 |
---------------+-------+-----
Long Blades    | 2 |  2.3
Shields        | 3 |  3.1
Armour         | 3 |  3.1
Fighting       | |  3.4

Action                   || total
-------------------------++-------
Melee: Long sword        ||    91
Armor: Plate armour      ||    47
Dodge: Dodged            ||    21
Block: Kite shield       ||    52
       Rpst.: Long sword ||     9

Table legend: (Time is in decaauts)
 A = Elapsed time spent in this place.
 B = Non-inter-level travel time spent in this place.
 C = Inter-level travel time spent in this place.
 D = Time resting spent in this place.
 E = Time spent auto-exploring this place.
 F = Levels seen in this place.
 G = Mean time per level.
                   A        B        C        D        E       F      G
               +--------+--------+--------+--------+--------+-----+--------+
         Total |   1852 |   1815 |     37 |      0 |   1543 |   3 |  617.3 |
       Dungeon |   1852 |   1815 |     37 |      0 |   1543 |   3 |  617.3 |
               +--------+--------+--------+--------+--------+-----+--------+

Top non-repeatable levels by time:
     D:1: 820 daAuts
     D:2: 612 daAuts
     D:3: 419 daAuts
